Bruins vs Lightning

Created - December 9, 2019 at 19:02

Goals
1 2 3 T
Bruins 1 2 1 4
Lightning 0 3 2 5
Shots
1 2 3 T
Bruins 6 14 9 29
Lightning 4 14 15 33

1st period

1. Bruins , Shane O'Brien 2 (Torey Krug 3, Wojtek Wolski 24) at 12:19 (PP)

Penalties :
Kevin Hayes (TB.) for Holding Stick (Minor) at 9:05, Mikael Backlund (TB.) for Interference (Minor) at 12:01

2nd period

2. Bruins , Mike Ribeiro 5 (Jason Demers 14, Victor Oreskovich 12) at 1:50
3. Lightning , Kevin Hayes 4 (Andy Rogers 3, Mika Zibanejad 6) at 3:34
4. Bruins , Casey Cizikas 2 (Brendan Smith 12, Mattias Tedenby 5) at 9:13
5. Lightning , Sam Gagner 5 (Rasmus Ristolainen 13, Gabriel Landeskog 10) at 9:47 (PP)
6. Lightning , Tyler Toffoli 8 (Rasmus Ristolainen 14) at 14:21 (PP)

Penalties :
Brendan Smith (Bos) for Cross-checking (Minor) at 9:21, Gilbert Brule (TB.) for Roughing (Minor) at 10:05, Nathan Horton (Bos) for Holding (Minor) at 14:07, Theo Peckham (TB.) for Hooking (Minor) at 16:01

3rd period

7. Bruins , Brendan Smith 3 (Jonathan Toews 15) at 1:18
8. Lightning , Gabriel Landeskog 4 (Patrick Kaleta 2, Jeff Schultz 12) at 8:12 (SH)
9. Lightning , Patrick Kaleta 2 (Jeff Schultz 13, Rasmus Ristolainen 15) at 12:04

Penalties :
Dany Heatley (TB.) for Slashing (Minor) at 7:03, T.J Galiardi (Bos) for Diving (Minor) at 15:52, Gilbert Brule (TB.) for Goalie Interference (Minor) at 19:00

Goalie Stats

Kevin Poulin (Bos), 28 saves from 33 shots - (0.848), L, 7-8-1, 58:56 minutes
Jaroslav Halak (TB.), 25 saves from 29 shots - (0.862), W, 8-8-1, 60:00 minutes

Players Stats for Bruins

Player Name              G  A  P  +/- PIM S  H  SB GA TA FO     MP     PP MP  PK MP  
------------------------------------------------------------------------------------
Brendan Smith            1  1  2   2  2   1  0  1  0  1  0/0    28:53   6:24   1:27 
Casey Cizikas            1  0  1   1  0   1  1  0  0  0  2/4     9:39   0:00   0:34 
Dave Bolland             0  0  0  -2  0   1  2  0  1  0  1/6    11:11   0:15   0:00 
Jason Demers             0  1  1   2  0   2  4  2  0  1  0/0    29:20   6:24   1:53 
Johnny Boychuk           0  0  0  -1  0   0  0  0  1  0  0/0    11:13   0:00   0:00 
Jonathan Toews           0  1  1   0  0   4  1  1  0  0  15/37  20:58   5:44   0:00 
Kevin Bieksa             0  0  0  -1  0   1  0  1  0  0  0/0    11:39   0:00   0:26 
Kris Chucko              0  0  0   1  0   0  0  0  1  0  1/1     9:39   0:00   0:34 
Mattias Tedenby          0  1  1   1  0   1  0  0  0  0  0/0     9:18   0:05   0:00 
Mike Ribeiro             1  0  1   1  0   1  1  1  0  0  6/9    16:17   3:24   0:00 
Nathan Horton            0  0  0   1  2   0  2  0  1  1  2/2    20:07   3:24   1:33 
Rene Bourque             0  0  0  -2  0   1  2  0  0  1  0/0    11:01   0:05   0:00 
Scott Hartnell           0  0  0   1  0   4  2  0  0  1  1/1    16:35   3:24   0:18 
Shane O'Brien            1  0  1  -1  0   2  1  1  0  0  0/0    19:27   2:49   0:46 
T.J Galiardi             0  0  0  -2  2   3  0  0  0  0  1/1    11:01   0:00   0:14 
Torey Krug               0  1  1  -1  0   0  0  2  1  0  0/0    19:27   2:49   0:46 
Victor Oreskovich        0  1  1   0  0   2  0  2  1  0  0/1    18:48   5:34   0:18 
Wojtek Wolski            0  1  1   0  0   5  3  2  2  0  5/11   22:45   5:44   1:47 

Players Stats for Lightning

Player Name              G  A  P  +/- PIM S  H  SB GA TA FO     MP     PP MP  PK MP  
------------------------------------------------------------------------------------
Andy Rogers              0  1  1   1  0   1  0  0  0  1  0/0    17:18   0:00   5:26 
Dany Heatley             0  0  0   1  2   2  1  1  0  0  0/0    12:40   0:00   2:30 
Gabriel Landeskog        1  1  2   0  0   3  0  0  1  3  6/15   24:11   1:58   5:54 
Gilbert Brule            0  0  0  -1  4   2  1  0  0  0  13/24  18:15   0:00   1:14 
Jack Skille              0  0  0   0  0   1  0  0  0  0  0/0     7:50   0:00   0:00 
Jeff Schultz             0  2  2   1  0   0  0  1  0  0  0/0    27:15   2:03   5:26 
Jeff Skinner             0  0  0  -1  0   0  2  0  0  0  1/1    17:01   0:41   2:10 
Joni Pitkanen            0  0  0  -1  0   1  1  1  1  2  0/0    19:19   0:36   3:47 
Justin Schultz           0  0  0  -1  0   1  1  0  0  0  0/0    21:51   0:36   3:47 
Kevin Hayes              1  0  1  -1  2   4  1  1  1  0  0/1    15:26   0:41   0:00 
Mika Zibanejad           0  1  1  -1  0   2  0  0  0  0  8/16   15:36   0:41   0:44 
Mikael Backlund          0  0  0   0  2   0  1  0  0  0  3/4     7:27   0:00   0:00 
Patrick Kaleta           1  1  2   2  0   4  0  1  0  1  0/0    15:29   0:00   5:54 
Pierre-Luc Létourneau    0  0  0   0  0   0  1  0  0  0  0/0     7:28   0:00   0:00 
Rasmus Ristolainen       0  3  3   0  0   5  1  0  0  1  0/0    23:23   2:03   0:00 
Sam Gagner               1  0  1   1  0   5  0  0  1  0  8/11   11:15   1:58   0:00 
Theo Peckham             0  0  0   0  2   0  1  0  0  0  0/0    11:03   0:00   0:00 
Tyler Toffoli            1  0  1  -1  0   2  1  0  1  0  0/1    17:54   1:58   0:00 

3 Stars

1 - Patrick Kaleta (TB.)
2 - Rasmus Ristolainen (TB.)
3 - Gabriel Landeskog (TB.)

Power Play

Bruins - 1 on 6 Attempt(s) - 16.67%
Lightning - 2 on 3 Attempt(s) - 66.67%

Penalty Kill

Bruins - 1 on 3 Attempt(s) - 33.33% - Score 0 goal in Penalty Kill
Lightning - 5 on 6 Attempt(s) - 83.33% - Score 1 goal in Penalty Kill

Team Stat

Bruins - Hits : 19 - Faceoff Wins : 34 - Blocked Shots : 13 - Penalty Minutes : 6
Lightning - Hits : 12 - Faceoff Wins : 39 - Blocked Shots : 5 - Penalty Minutes : 12

Official

Referees : Unknown
Linesman : Unknown

Game Notes

No Game Note

Finance

Level 1 -- Attendance: 4275 (71.25%) -- Ticket Income $491,625
Level 2 -- Attendance: 5000 (100.00%) -- Ticket Income $320,000
Level 3 -- Attendance: 1621 (81.05%) -- Ticket Income $71,324
Level 4 -- Attendance: 2501 (62.53%) -- Ticket Income $100,040
Luxury Box -- Attendance: 655 (65.50%) -- Ticket Income $140,825
Game was played at the Tampa Bay Stadium.
Total Attendance: 14052 (78.07%)
Total Ticket Income: $1,123,814
Other Income: $168,572
Total Income: $1,292,386

Bruins

5 vs 5 Forward 
   Center                   Left Wing                Right Wing               Time % Phy DF OF 
 1 Jonathan Toews           Wojtek Wolski            Nathan Horton            40     0   1  4  
 2 Mike Ribeiro             Scott Hartnell           Victor Oreskovich        30     0   2  3  
 3 Dave Bolland             T.J Galiardi             Rene Bourque             20     1   2  2  
 4 Casey Cizikas            Kris Chucko              Mattias Tedenby          10     1   2  2  

5 vs 5 Defense 
   Defense                  Defense                                           Time % Phy DF OF 
 1 Jason Demers             Brendan Smith                                     40     0   3  2  
 2 Shane O'Brien            Torey Krug                                        30     0   3  2  
 3 Johnny Boychuk           Kevin Bieksa                                      20     0   3  2  
 4 Jason Demers             Brendan Smith                                     10     1   2  2  

PowerPlay Forward 
   Center                   Left Wing                Right Wing               Time % Phy DF OF 
 1 Jonathan Toews           Wojtek Wolski            Victor Oreskovich        60     0   1  4  
 2 Mike Ribeiro             Scott Hartnell           Nathan Horton            40     0   1  4  

PowerPlay Defense
   Defense                  Defense                                           Time % Phy DF OF 
 1 Jason Demers             Brendan Smith                                     60     0   2  3  
 2 Shane O'Brien            Torey Krug                                        40     0   2  3  

Penalty Kill 4 Players Forward 
   Center                   Wing                     Time % Phy DF OF 
 1 Wojtek Wolski            Nathan Horton            60     1   3  1  
 2 Victor Oreskovich        Scott Hartnell           40     1   3  1  

Penalty Kill 4 Players Defense
   Defense                  Defense                  Time % Phy DF OF 
 1 Jason Demers             Brendan Smith            60     0   4  1  
 2 Shane O'Brien            Torey Krug               40     0   4  1  

Penalty Kill - 3 Players Forward 
   Forward                                           Time % Phy DF OF 
 1 Wojtek Wolski                                     60     0   4  1  
 2 Jonathan Toews                                    40     0   4  1  

Penalty Kill - 3 Players Defense
   Defense                  Defense                  Time % Phy DF OF 
 1 Jason Demers             Brendan Smith            60     0   5  0  
 2 Shane O'Brien            Torey Krug               40     0   5  0  

4 vs 4 Forward 
   Center                   Wing                     Time % Phy DF OF 
 1 Jonathan Toews           Wojtek Wolski            60     1   2  2  
 2 Mike Ribeiro             Scott Hartnell           40     1   2  2  

4 vs 4 Defense
   Defense                  Defense                  Time % Phy DF OF 
 1 Jason Demers             Brendan Smith            60     1   2  2  
 2 Shane O'Brien            Torey Krug               40     1   2  2  

Last Minutes Offensive
   Center                   Left Wing                Right Wing               Defense                  Defense                  
   Jonathan Toews           Wojtek Wolski            Victor Oreskovich        Jason Demers             Brendan Smith            

Last Minutes Defensive
   Center                   Left Wing                Right Wing               Defense                  Defense                  
   Jonathan Toews           Wojtek Wolski            Victor Oreskovich        Jason Demers             Brendan Smith            

Goaltenders
Starting : Kevin Poulin             
Backup : Josh Tordjman            

Extra Forwards
Normal : Dave Bolland, Rene Bourque, T.J Galiardi - PP : Dave Bolland, Rene Bourque - PK : T.J Galiardi
Extra Defensemen
Normal : Johnny Boychuk, Kevin Bieksa, Shane O'Brien - PP : Johnny Boychuk - PK : Kevin Bieksa, Shane O'Brien
Penalty Shots
Wojtek Wolski, Jonathan Toews, Victor Oreskovich, Scott Hartnell, Mike Ribeiro

Scratches
None

Lightning

5 vs 5 Forward 
   Center                   Left Wing                Right Wing               Time % Phy DF OF 
 1 Gilbert Brule            Gabriel Landeskog        Tyler Toffoli            40     0   2  3  
 2 Mika Zibanejad           Jeff Skinner             Kevin Hayes              35     0   1  4  
 3 Sam Gagner               Dany Heatley             Patrick Kaleta           20     1   2  2  
 4 Mikael Backlund          Pierre-Luc Létourneau    Jack Skille              5      1   2  2  

5 vs 5 Defense 
   Defense                  Defense                                           Time % Phy DF OF 
 1 Jeff Schultz             Rasmus Ristolainen                                40     0   2  3  
 2 Justin Schultz           Joni Pitkanen                                     30     0   2  3  
 3 Theo Peckham             Andy Rogers                                       20     0   2  3  
 4 Justin Schultz           Rasmus Ristolainen                                10     0   2  3  

PowerPlay Forward 
   Center                   Left Wing                Right Wing               Time % Phy DF OF 
 1 Sam Gagner               Gabriel Landeskog        Tyler Toffoli            60     0   1  4  
 2 Mika Zibanejad           Jeff Skinner             Kevin Hayes              40     0   1  4  

PowerPlay Defense
   Defense                  Defense                                           Time % Phy DF OF 
 1 Jeff Schultz             Rasmus Ristolainen                                60     0   2  3  
 2 Justin Schultz           Joni Pitkanen                                     40     0   2  3  

Penalty Kill 4 Players Forward 
   Center                   Wing                     Time % Phy DF OF 
 1 Gabriel Landeskog        Patrick Kaleta           60     1   3  1  
 2 Gilbert Brule            Dany Heatley             40     1   3  1  

Penalty Kill 4 Players Defense
   Defense                  Defense                  Time % Phy DF OF 
 1 Jeff Schultz             Andy Rogers              60     1   3  1  
 2 Justin Schultz           Joni Pitkanen            40     1   3  1  

Penalty Kill - 3 Players Forward 
   Forward                                           Time % Phy DF OF 
 1 Gabriel Landeskog                                 60     1   3  1  
 2 Patrick Kaleta                                    40     1   3  1  

Penalty Kill - 3 Players Defense
   Defense                  Defense                  Time % Phy DF OF 
 1 Jeff Schultz             Andy Rogers              60     1   3  1  
 2 Justin Schultz           Joni Pitkanen            40     1   3  1  

4 vs 4 Forward 
   Center                   Wing                     Time % Phy DF OF 
 1 Gabriel Landeskog        Tyler Toffoli            60     0   2  3  
 2 Jeff Skinner             Kevin Hayes              40     0   2  3  

4 vs 4 Defense
   Defense                  Defense                  Time % Phy DF OF 
 1 Jeff Schultz             Rasmus Ristolainen       60     0   2  3  
 2 Justin Schultz           Joni Pitkanen            40     0   2  3  

Last Minutes Offensive
   Center                   Left Wing                Right Wing               Defense                  Defense                  
   Mika Zibanejad           Gabriel Landeskog        Tyler Toffoli            Jeff Schultz             Rasmus Ristolainen       

Last Minutes Defensive
   Center                   Left Wing                Right Wing               Defense                  Defense                  
   Gilbert Brule            Gabriel Landeskog        Patrick Kaleta           Jeff Schultz             Joni Pitkanen            

Goaltenders
Starting : Jaroslav Halak           
Backup : Jhonas Enroth            

Extra Forwards
Normal : Tyler Toffoli, Mika Zibanejad, Jeff Skinner - PP : Tyler Toffoli, Mika Zibanejad - PK : Jeff Skinner
Extra Defensemen
Normal : Theo Peckham, Rasmus Ristolainen, Justin Schultz - PP : Jeff Schultz - PK : Rasmus Ristolainen, Justin Schultz
Penalty Shots
Tyler Toffoli, Jeff Skinner, Gabriel Landeskog, Mika Zibanejad, Patrick Kaleta

Scratches
Michael Raffl (Healthy)

% Time on Ice - Bruins

Lines # - Real PCT - Wanted PCT - Time Play
Normal Forward
1 - 32% - 40% - 15:13
2 - 27% - 30% - 12:53
3 - 22% - 20% - 10:46
4 - 19% - 10% - 9:03
Normal Defense
1 - 38% - 40% - 18:04
2 - 33% - 30% - 15:52
3 - 23% - 20% - 11:13
4 - 6% - 10% - 2:46
PP Forward
1 - 63% - 60% - 5:49
2 - 37% - 40% - 3:24
PP Defense
1 - 69% - 60% - 6:24
2 - 31% - 40% - 2:49
PK Forward
1 - 89% - 60% - 2:21
2 - 11% - 40% - 0:18
PK Defense
1 - 71% - 60% - 1:53
2 - 29% - 40% - 0:46
PK3 Forward
1 - 0% - 60%
2 - 0% - 40%
PK3 Defense
1 - 0% - 60%
2 - 0% - 40%
44 Forward
1 - 0% - 60%
2 - 0% - 40%
44 Defense
1 - 0% - 60%
2 - 0% - 40%
Last Minute Offensive  - 0:13
Last Minute Defensive  - 0:00
Total
Forward - 60:00
Defense - 60:00

% Time on Ice - Lightning

Lines # - Real PCT - Wanted PCT - Time Play
Normal Forward
1 - 33% - 40% - 15:59
2 - 32% - 35% - 15:16
3 - 19% - 20% - 9:09
4 - 16% - 5% - 7:28
Normal Defense
1 - 41% - 40% - 19:46
2 - 31% - 30% - 14:56
3 - 22% - 20% - 10:38
4 - 5% - 10% - 2:32
PP Forward
1 - 74% - 60% - 1:58
2 - 26% - 40% - 0:41
PP Defense
1 - 77% - 60% - 2:03
2 - 23% - 40% - 0:36
PK Forward
1 - 76% - 60% - 6:58
2 - 24% - 40% - 2:15
PK Defense
1 - 59% - 60% - 5:26
2 - 41% - 40% - 3:47
PK3 Forward
1 - 0% - 60%
2 - 0% - 40%
PK3 Defense
1 - 0% - 60%
2 - 0% - 40%
44 Forward
1 - 0% - 60%
2 - 0% - 40%
44 Defense
1 - 0% - 60%
2 - 0% - 40%
Last Minute Offensive  - 0:00
Last Minute Defensive  - 0:16
Total
Forward - 60:00
Defense - 60:00

Play-by-Play

1st period


0:01 of 1st period - Jonathan Toews wins face-off versus Gilbert Brule in neutral zone.
0:32 of 1st period - Slapshot by Rasmus Ristolainen.
0:32 of 1st period - Deflect By Jeff Skinner.
0:32 of 1st period - Shot Blocked by Jason Demers.
0:32 of 1st period - Puck is out of play.
0:33 of 1st period - Dave Bolland wins face-off versus Mika Zibanejad in Bruins zone.
2:02 of 1st period - Brendan Smith is hit by Jeff Skinner and loses puck.
2:29 of 1st period - Casey Cizikas is hit by Gilbert Brule and loses puck.
2:44 of 1st period - Slapshot by Jason Demers.
2:44 of 1st period - Shot Misses the Net.
2:50 of 1st period - Wojtek Wolski is hit by Dany Heatley.
2:54 of 1st period - Theo Peckham is hit by Wojtek Wolski and loses puck.
3:32 of 1st period - Snap shot by Tyler Toffoli.
3:32 of 1st period - Stopped by Kevin Poulin with a rebound.
3:37 of 1st period - Off-side.
3:38 of 1st period - Gilbert Brule wins face-off versus Jonathan Toews in neutral zone.
4:51 of 1st period - Icing by Justin Schultz.
4:52 of 1st period - Mikael Backlund wins face-off versus Casey Cizikas in Lightning zone.
5:36 of 1st period - Icing by Mikael Backlund.
5:37 of 1st period - Mikael Backlund wins face-off versus Jonathan Toews in Lightning zone.
5:37 of 1st period - Mikael Backlund is hit by Jason Demers.
7:28 of 1st period - Snap shot by Wojtek Wolski.
7:28 of 1st period - Stopped by Jaroslav Halak without a rebound.
7:29 of 1st period - Mika Zibanejad wins face-off versus Wojtek Wolski in Lightning zone.
8:25 of 1st period - Off-side.
8:26 of 1st period - Gilbert Brule wins face-off versus Jonathan Toews in neutral zone.
9:00 of 1st period - Snap shot by Victor Oreskovich.
9:00 of 1st period - Shot Blocked by Jeff Schultz.
9:05 of 1st period - Minor Penalty to Kevin Hayes for Holding Stick.
9:06 of 1st period - Jonathan Toews wins face-off versus Gabriel Landeskog in Lightning zone.
9:31 of 1st period - Icing by Victor Oreskovich.
9:32 of 1st period - Mike Ribeiro wins face-off versus Gabriel Landeskog in Bruins zone.
9:41 of 1st period - Snap shot by Mike Ribeiro.
9:41 of 1st period - Shot Misses the Net.
9:45 of 1st period - Wrist shot by Scott Hartnell.
9:45 of 1st period - Stopped by Jaroslav Halak without a rebound.
9:46 of 1st period - Jonathan Toews wins face-off versus Gabriel Landeskog in Lightning zone.
9:51 of 1st period - Slapshot by Wojtek Wolski.
9:51 of 1st period - Stopped by Jaroslav Halak with a rebound.
10:03 of 1st period - Andy Rogers is hit by Jason Demers and loses puck.
10:18 of 1st period - Wrist shot by Jonathan Toews.
10:18 of 1st period - Stopped by Jaroslav Halak without a rebound.
10:19 of 1st period - Gabriel Landeskog wins face-off versus Mike Ribeiro in Lightning zone.
10:35 of 1st period - Snap shot by Mike Ribeiro.
10:35 of 1st period - Deflect By Joni Pitkanen.
10:35 of 1st period - Shot Misses the Net.
10:35 of 1st period - Puck is out of play.
10:36 of 1st period - Gilbert Brule wins face-off versus Jonathan Toews in Lightning zone.
11:05 of 1st period - Penalty to Kevin Hayes is over, Kevin Hayes is back on ice.
12:01 of 1st period - Minor Penalty to Mikael Backlund for Interference.
12:02 of 1st period - Jonathan Toews wins face-off versus Gabriel Landeskog in Lightning zone.
12:07 of 1st period - Snap shot by Victor Oreskovich.
12:07 of 1st period - Stopped by Jaroslav Halak without a rebound.
12:08 of 1st period - Jonathan Toews wins face-off versus Gabriel Landeskog in Lightning zone.
12:13 of 1st period - Wrist shot by Wojtek Wolski.
12:13 of 1st period - Shot Hit the Post.
12:15 of 1st period - Slapshot by Shane O'Brien.
12:15 of 1st period - Shot Misses the Net.
12:17 of 1st period - Snap shot by Torey Krug.
12:17 of 1st period - Shot Misses the Net.
12:19 of 1st period - Snap shot by Shane O'Brien.
12:19 of 1st period - Goal by Shane O'Brien - Bruins : 1 - Lightning : 0.
12:20 of 1st period - Jonathan Toews wins face-off versus Gilbert Brule in neutral zone.
12:53 of 1st period - Slapshot by Rasmus Ristolainen.
12:53 of 1st period - Deflect By Brendan Smith.
12:53 of 1st period - Stopped by Kevin Poulin without a rebound.
12:54 of 1st period - Scott Hartnell wins face-off versus Kevin Hayes in Bruins zone.
13:05 of 1st period - Snap shot by Kevin Hayes.
13:05 of 1st period - Shot Misses the Net.
13:07 of 1st period - Wrist shot by Andy Rogers.
13:07 of 1st period - Shot Misses the Net.
13:09 of 1st period - Wrist shot by Mika Zibanejad.
13:09 of 1st period - Stopped by Kevin Poulin without a rebound.
13:10 of 1st period - Jonathan Toews wins face-off versus Gilbert Brule in Bruins zone.
13:37 of 1st period - Mika Zibanejad is hit by Jason Demers and loses puck.
15:29 of 1st period - Wrist shot by Nathan Horton.
15:29 of 1st period - Shot Misses the Net.
16:06 of 1st period - Icing by Joni Pitkanen.
16:07 of 1st period - Mikael Backlund wins face-off versus Mike Ribeiro in Lightning zone.
16:18 of 1st period - Wrist shot by Jack Skille.
16:18 of 1st period - Stopped by Kevin Poulin with a rebound.
17:13 of 1st period - Snap shot by Joni Pitkanen.
17:13 of 1st period - Shot Misses the Net.
17:15 of 1st period - Wrist shot by Mikael Backlund.
17:15 of 1st period - Shot Blocked by Victor Oreskovich.
17:23 of 1st period - Slapshot by Mikael Backlund.
17:23 of 1st period - Shot Misses the Net.
17:25 of 1st period - Slapshot by Justin Schultz.
17:25 of 1st period - Deflect By Jack Skille.
17:25 of 1st period - Shot Misses the Net.
17:25 of 1st period - Puck is out of play.
17:26 of 1st period - Gilbert Brule wins face-off versus Dave Bolland in Bruins zone.
17:56 of 1st period - Rasmus Ristolainen is hit by Casey Cizikas and loses puck.
18:13 of 1st period - Patrick Kaleta is hit by Shane O'Brien.
18:27 of 1st period - Dany Heatley is hit by Wojtek Wolski and loses puck.
18:44 of 1st period - Wrist shot by Tyler Toffoli.
18:44 of 1st period - Shot Blocked by Brendan Smith.
18:53 of 1st period - Icing by Gabriel Landeskog.
18:54 of 1st period - Wojtek Wolski wins face-off versus Mika Zibanejad in Lightning zone.
18:55 of 1st period - Wrist shot by Jonathan Toews.
18:55 of 1st period - Shot Misses the Net.
19:01 of 1st period - Jeff Schultz is hit by Jonathan Toews and loses puck.
Goals for this period are 1 for Bruins vs 0 for Lightning .
Shots for this period are 6 for Bruins vs 4 for Lightning .

2nd period


0:01 of 2nd period - Jonathan Toews wins face-off versus Gilbert Brule in neutral zone.
0:04 of 2nd period - Slapshot by Jonathan Toews.
0:04 of 2nd period - Deflect By Rasmus Ristolainen.
0:04 of 2nd period - Stopped by Jaroslav Halak with a rebound.
1:00 of 2nd period - Snap shot by Patrick Kaleta.
1:00 of 2nd period - Stopped by Kevin Poulin with a rebound.
1:02 of 2nd period - Snap shot by Andy Rogers.
1:02 of 2nd period - Shot Blocked by Shane O'Brien.
1:20 of 2nd period - Slapshot by Rasmus Ristolainen.
1:20 of 2nd period - Stopped by Kevin Poulin without a rebound.
1:21 of 2nd period - Mika Zibanejad wins face-off versus Jonathan Toews in Bruins zone.
1:26 of 2nd period - Wrist shot by Kevin Hayes.
1:26 of 2nd period - Stopped by Kevin Poulin without a rebound.
1:27 of 2nd period - Mika Zibanejad wins face-off versus Jonathan Toews in Bruins zone.
1:42 of 2nd period - Snap shot by Wojtek Wolski.
1:42 of 2nd period - Stopped by Jaroslav Halak without a rebound.
1:43 of 2nd period - Mike Ribeiro wins face-off versus Gilbert Brule in Lightning zone.
1:50 of 2nd period - Snap shot by Mike Ribeiro.
1:50 of 2nd period - Goal by Mike Ribeiro - Bruins : 2 - Lightning : 0.
1:51 of 2nd period - Gilbert Brule wins face-off versus Jonathan Toews in neutral zone.
2:16 of 2nd period - Icing by Jeff Schultz.
2:17 of 2nd period - Sam Gagner wins face-off versus Victor Oreskovich in Lightning zone.
2:59 of 2nd period - Slapshot by Jeff Schultz.
2:59 of 2nd period - Shot Blocked by Victor Oreskovich.
3:01 of 2nd period - Snap shot by Dany Heatley.
3:01 of 2nd period - Deflect By Patrick Kaleta.
3:01 of 2nd period - Stopped by Kevin Poulin with a rebound.
3:03 of 2nd period - Slapshot by Rasmus Ristolainen.
3:03 of 2nd period - Stopped by Kevin Poulin without a rebound.
3:04 of 2nd period - Jonathan Toews wins face-off versus Gilbert Brule in Bruins zone.
3:32 of 2nd period - Snap shot by Mika Zibanejad.
3:32 of 2nd period - Shot Hit the Post.
3:34 of 2nd period - Snap shot by Andy Rogers.
3:34 of 2nd period - Deflect By Kevin Hayes.
3:34 of 2nd period - Goal by Kevin Hayes - Bruins : 2 - Lightning : 1.
3:35 of 2nd period - Jonathan Toews wins face-off versus Gilbert Brule in neutral zone.
4:02 of 2nd period - Scott Hartnell is hit by Justin Schultz.
4:49 of 2nd period - Snap shot by Brendan Smith.
4:49 of 2nd period - Deflect By T.J Galiardi.
4:49 of 2nd period - Stopped by Jaroslav Halak with a rebound.
5:10 of 2nd period - Jeff Skinner is hit by Nathan Horton and loses puck.
5:29 of 2nd period - Torey Krug is hit by Joni Pitkanen and loses puck.
5:36 of 2nd period - Wrist shot by Patrick Kaleta.
5:36 of 2nd period - Shot Blocked by Mike Ribeiro.
5:38 of 2nd period - Wrist shot by Dany Heatley.
5:38 of 2nd period - Shot Misses the Net.
6:28 of 2nd period - Icing by Shane O'Brien.
6:29 of 2nd period - Sam Gagner wins face-off versus Mike Ribeiro in Bruins zone.
6:38 of 2nd period - Slapshot by Shane O'Brien.
6:38 of 2nd period - Stopped by Jaroslav Halak with a rebound.
6:40 of 2nd period - Snap shot by Victor Oreskovich.
6:40 of 2nd period - Shot Blocked by Patrick Kaleta.
6:48 of 2nd period - Snap shot by Patrick Kaleta.
6:48 of 2nd period - Stopped by Kevin Poulin with a rebound.
7:02 of 2nd period - Wrist shot by Scott Hartnell.
7:02 of 2nd period - Stopped by Jaroslav Halak without a rebound.
7:03 of 2nd period - Gilbert Brule wins face-off versus Jonathan Toews in Lightning zone.
7:29 of 2nd period - Joni Pitkanen is hit by Rene Bourque and loses puck.
7:36 of 2nd period - Snap shot by T.J Galiardi.
7:36 of 2nd period - Stopped by Jaroslav Halak without a rebound.
7:37 of 2nd period - Mika Zibanejad wins face-off versus Jonathan Toews in Lightning zone.
8:14 of 2nd period - Slapshot by Scott Hartnell.
8:14 of 2nd period - Shot Misses the Net.
8:28 of 2nd period - Jeff Schultz is hit by Rene Bourque and loses puck.
8:45 of 2nd period - Wrist shot by Kevin Hayes.
8:45 of 2nd period - Stopped by Kevin Poulin without a rebound.
8:46 of 2nd period - Casey Cizikas wins face-off versus Mika Zibanejad in Bruins zone.
9:01 of 2nd period - Wrist shot by Mattias Tedenby.
9:01 of 2nd period - Shot Blocked by Joni Pitkanen.
9:03 of 2nd period - Wrist shot by Casey Cizikas.
9:03 of 2nd period - Shot Misses the Net.
9:05 of 2nd period - Slapshot by Torey Krug.
9:05 of 2nd period - Shot Blocked by Kevin Hayes.
9:09 of 2nd period - Wrist shot by Mattias Tedenby.
9:09 of 2nd period - Shot Misses the Net.
9:11 of 2nd period - Slapshot by Casey Cizikas.
9:11 of 2nd period - Shot Misses the Net.
9:13 of 2nd period - Slapshot by Brendan Smith.
9:13 of 2nd period - Deflect By Casey Cizikas.
9:13 of 2nd period - Goal by Casey Cizikas - Bruins : 3 - Lightning : 1.
9:14 of 2nd period - Gilbert Brule wins face-off versus Jonathan Toews in neutral zone.
9:18 of 2nd period - Rasmus Ristolainen is hit by Nathan Horton and loses puck.
9:21 of 2nd period - Minor Penalty to Brendan Smith for Cross-checking.
9:22 of 2nd period - Sam Gagner wins face-off versus Wojtek Wolski in Bruins zone.
9:33 of 2nd period - Snap shot by Sam Gagner.
9:33 of 2nd period - Stopped by Kevin Poulin with a rebound.
9:35 of 2nd period - Slapshot by Rasmus Ristolainen.
9:35 of 2nd period - Shot Blocked by Jason Demers.
9:37 of 2nd period - Slapshot by Jeff Schultz.
9:37 of 2nd period - Deflect By Tyler Toffoli.
9:37 of 2nd period - Shot Misses the Net.
9:37 of 2nd period - Puck is out of play.
9:38 of 2nd period - Sam Gagner wins face-off versus Wojtek Wolski in Bruins zone.
9:47 of 2nd period - Slapshot by Sam Gagner.
9:47 of 2nd period - Deflect By Wojtek Wolski.
9:47 of 2nd period - Goal by Sam Gagner - Bruins : 3 - Lightning : 2.
9:48 of 2nd period - Gilbert Brule wins face-off versus Wojtek Wolski in neutral zone.
10:00 of 2nd period - Snap shot by Wojtek Wolski.
10:00 of 2nd period - Stopped by Jaroslav Halak without a rebound.
10:01 of 2nd period - Nathan Horton wins face-off versus Gilbert Brule in Lightning zone.
10:05 of 2nd period - Minor Penalty to Gilbert Brule for Roughing.
10:06 of 2nd period - Gabriel Landeskog wins face-off versus Wojtek Wolski in Lightning zone.
11:28 of 2nd period - Jeff Skinner is hit by Jason Demers.
12:05 of 2nd period - Penalty to Gilbert Brule is over, Gilbert Brule is back on ice.
12:44 of 2nd period - Jeff Skinner is hit by Dave Bolland.
13:08 of 2nd period - Jason Demers is hit by Tyler Toffoli and loses puck.
13:35 of 2nd period - Kris Chucko is hit by Mikael Backlund and loses puck.
13:45 of 2nd period - Off-side.
13:46 of 2nd period - Mika Zibanejad wins face-off versus Jonathan Toews in neutral zone.
13:49 of 2nd period - Wrist shot by Kevin Hayes.
13:49 of 2nd period - Stopped by Kevin Poulin with a rebound.
14:01 of 2nd period - Snap shot by Mika Zibanejad.
14:01 of 2nd period - Stopped by Kevin Poulin with a rebound.
14:07 of 2nd period - Minor Penalty to Nathan Horton for Holding.
14:08 of 2nd period - Wojtek Wolski wins face-off versus Sam Gagner in Bruins zone.
14:17 of 2nd period - Slapshot by Rasmus Ristolainen.
14:17 of 2nd period - Shot Misses the Net.
14:19 of 2nd period - Wrist shot by Tyler Toffoli.
14:19 of 2nd period - Shot Misses the Net.
14:21 of 2nd period - Snap shot by Tyler Toffoli.
14:21 of 2nd period - Goal by Tyler Toffoli - Bruins : 3 - Lightning : 3.
14:22 of 2nd period - Gilbert Brule wins face-off versus Jonathan Toews in neutral zone.
14:54 of 2nd period - Wrist shot by Joni Pitkanen.
14:54 of 2nd period - Shot Misses the Net.
15:38 of 2nd period - Slapshot by Justin Schultz.
15:38 of 2nd period - Stopped by Kevin Poulin without a rebound.
15:39 of 2nd period - Mike Ribeiro wins face-off versus Mika Zibanejad in Bruins zone.
15:39 of 2nd period - Mike Ribeiro is hit by Theo Peckham.
15:49 of 2nd period - Wrist shot by Scott Hartnell.
15:49 of 2nd period - Shot Misses the Net.
15:51 of 2nd period - Wrist shot by Victor Oreskovich.
15:51 of 2nd period - Stopped by Jaroslav Halak with a rebound.
16:01 of 2nd period - Minor Penalty to Theo Peckham for Hooking.
16:02 of 2nd period - Gabriel Landeskog wins face-off versus Jonathan Toews in Lightning zone.
18:01 of 2nd period - Penalty to Theo Peckham is over, Theo Peckham is back on ice.
18:08 of 2nd period - Wrist shot by Mattias Tedenby.
18:08 of 2nd period - Stopped by Jaroslav Halak with a rebound.
18:10 of 2nd period - Snap shot by Rene Bourque.
18:10 of 2nd period - Stopped by Jaroslav Halak without a rebound.
18:11 of 2nd period - Mika Zibanejad wins face-off versus Dave Bolland in Lightning zone.
18:11 of 2nd period - Mika Zibanejad is hit by Dave Bolland.
18:24 of 2nd period - Wrist shot by Dave Bolland.
18:24 of 2nd period - Shot Misses the Net.
18:26 of 2nd period - Slapshot by T.J Galiardi.
18:26 of 2nd period - Stopped by Jaroslav Halak with a rebound.
18:40 of 2nd period - Off-side.
18:41 of 2nd period - Nathan Horton wins face-off versus Mikael Backlund in neutral zone.
18:56 of 2nd period - Wrist shot by Wojtek Wolski.
18:56 of 2nd period - Stopped by Jaroslav Halak with a rebound.
19:59 of 2nd period - Off-side.
Goals for this period are 2 for Bruins vs 3 for Lightning .
Shots for this period are 14 for Bruins vs 14 for Lightning .

3rd period


0:01 of 3rd period - Jonathan Toews wins face-off versus Gilbert Brule in neutral zone.
0:12 of 3rd period - Slapshot by Jonathan Toews.
0:12 of 3rd period - Shot Misses the Net.
1:10 of 3rd period - Off-side.
1:11 of 3rd period - Mika Zibanejad wins face-off versus Jonathan Toews in neutral zone.
1:18 of 3rd period - Slapshot by Brendan Smith.
1:18 of 3rd period - Deflect By Jeff Skinner.
1:18 of 3rd period - Goal by Brendan Smith - Bruins : 4 - Lightning : 3.
1:19 of 3rd period - Gilbert Brule wins face-off versus Jonathan Toews in neutral zone.
1:26 of 3rd period - Slapshot by Rasmus Ristolainen.
1:26 of 3rd period - Shot Misses the Net.
1:46 of 3rd period - Jeff Schultz is hit by Scott Hartnell.
2:12 of 3rd period - Backhand shot by T.J Galiardi.
2:12 of 3rd period - Shot Misses the Net.
2:14 of 3rd period - Slapshot by Jason Demers.
2:14 of 3rd period - Stopped by Jaroslav Halak with a rebound.
2:32 of 3rd period - Slapshot by Gilbert Brule.
2:32 of 3rd period - Shot Blocked by Kevin Bieksa.
2:34 of 3rd period - Wrist shot by Gilbert Brule.
2:34 of 3rd period - Stopped by Kevin Poulin without a rebound.
2:35 of 3rd period - Jonathan Toews wins face-off versus Mika Zibanejad in Bruins zone.
3:56 of 3rd period - Wrist shot by Gilbert Brule.
3:56 of 3rd period - Stopped by Kevin Poulin without a rebound.
3:57 of 3rd period - Mike Ribeiro wins face-off versus Mika Zibanejad in Bruins zone.
4:22 of 3rd period - Wrist shot by Dave Bolland.
4:22 of 3rd period - Stopped by Jaroslav Halak without a rebound.
4:23 of 3rd period - Sam Gagner wins face-off versus Dave Bolland in Lightning zone.
4:30 of 3rd period - Slapshot by Andy Rogers.
4:30 of 3rd period - Shot Misses the Net.
6:10 of 3rd period - Wrist shot by Patrick Kaleta.
6:10 of 3rd period - Deflect By Dany Heatley.
6:10 of 3rd period - Shot Misses the Net.
6:10 of 3rd period - Puck is out of play.
6:11 of 3rd period - Gilbert Brule wins face-off versus Jonathan Toews in Bruins zone.
6:25 of 3rd period - Wrist shot by Jonathan Toews.
6:25 of 3rd period - Shot Misses the Net.
6:27 of 3rd period - Slapshot by Kevin Bieksa.
6:27 of 3rd period - Deflect By Tyler Toffoli.
6:27 of 3rd period - Stopped by Jaroslav Halak with a rebound.
6:37 of 3rd period - Victor Oreskovich is hit by Rasmus Ristolainen and loses puck.
6:46 of 3rd period - Snap shot by Victor Oreskovich.
6:46 of 3rd period - Shot Misses the Net.
6:58 of 3rd period - Wrist shot by Dany Heatley.
6:58 of 3rd period - Stopped by Kevin Poulin without a rebound.
6:59 of 3rd period - T.J Galiardi wins face-off versus Sam Gagner in Bruins zone.
7:03 of 3rd period - Minor Penalty to Dany Heatley for Slashing.
7:04 of 3rd period - Gabriel Landeskog wins face-off versus Jonathan Toews in Lightning zone.
7:18 of 3rd period - Snap shot by Gabriel Landeskog.
7:18 of 3rd period - Stopped by Kevin Poulin with a rebound.
7:37 of 3rd period - Backhand shot by Jason Demers.
7:37 of 3rd period - Stopped by Jaroslav Halak without a rebound.
7:38 of 3rd period - Mike Ribeiro wins face-off versus Gabriel Landeskog in Lightning zone.
7:51 of 3rd period - Justin Schultz is hit by Wojtek Wolski and loses puck.
8:00 of 3rd period - Snap shot by Jonathan Toews.
8:00 of 3rd period - Stopped by Jaroslav Halak without a rebound.
8:01 of 3rd period - Gabriel Landeskog wins face-off versus Jonathan Toews in Lightning zone.
8:12 of 3rd period - Wrist shot by Gabriel Landeskog.
8:12 of 3rd period - Goal by Gabriel Landeskog - Bruins : 4 - Lightning : 4.
8:13 of 3rd period - Jonathan Toews wins face-off versus Gabriel Landeskog in neutral zone.
8:47 of 3rd period - Snap shot by Scott Hartnell.
8:47 of 3rd period - Stopped by Jaroslav Halak without a rebound.
8:48 of 3rd period - Gilbert Brule wins face-off versus Jonathan Toews in Lightning zone.
9:03 of 3rd period - Penalty to Dany Heatley is over, Dany Heatley is back on ice.
9:33 of 3rd period - Snap shot by Gabriel Landeskog.
9:33 of 3rd period - Stopped by Kevin Poulin without a rebound.
9:34 of 3rd period - Gilbert Brule wins face-off versus Casey Cizikas in Bruins zone.
9:49 of 3rd period - Wrist shot by Gilbert Brule.
9:49 of 3rd period - Shot Misses the Net.
10:07 of 3rd period - Icing by Jason Demers.
10:08 of 3rd period - Casey Cizikas wins face-off versus Gilbert Brule in Bruins zone.
11:07 of 3rd period - Off-side.
11:08 of 3rd period - Wojtek Wolski wins face-off versus Mika Zibanejad in neutral zone.
11:33 of 3rd period - Jeff Schultz is hit by Mike Ribeiro and loses puck.
11:42 of 3rd period - Wrist shot by Scott Hartnell.
11:42 of 3rd period - Stopped by Jaroslav Halak with a rebound.
11:44 of 3rd period - Wrist shot by Victor Oreskovich.
11:44 of 3rd period - Shot Misses the Net.
12:04 of 3rd period - Wrist shot by Patrick Kaleta.
12:04 of 3rd period - Goal by Patrick Kaleta - Bruins : 4 - Lightning : 5.
12:05 of 3rd period - Gabriel Landeskog wins face-off versus Jonathan Toews in neutral zone.
13:00 of 3rd period - Snap shot by Dave Bolland.
13:00 of 3rd period - Shot Blocked by Dany Heatley.
13:14 of 3rd period - Kris Chucko is hit by Pierre-Luc Létourneau and loses puck.
13:22 of 3rd period - Off-side.
13:23 of 3rd period - Jonathan Toews wins face-off versus Gilbert Brule in neutral zone.
13:54 of 3rd period - Wrist shot by T.J Galiardi.
13:54 of 3rd period - Shot Misses the Net.
14:19 of 3rd period - Johnny Boychuk is hit by Jeff Skinner and loses puck.
14:32 of 3rd period - Snap shot by Andy Rogers.
14:32 of 3rd period - Stopped by Kevin Poulin without a rebound.
14:33 of 3rd period - Kris Chucko wins face-off versus Sam Gagner in Bruins zone.
14:45 of 3rd period - Off-side.
14:46 of 3rd period - Mika Zibanejad wins face-off versus Jonathan Toews in neutral zone.
14:54 of 3rd period - Off-side.
14:55 of 3rd period - Jonathan Toews wins face-off versus Mika Zibanejad in neutral zone.
15:25 of 3rd period - Snap shot by Mika Zibanejad.
15:25 of 3rd period - Shot Blocked by Jonathan Toews.
15:27 of 3rd period - Backhand shot by Jeff Schultz.
15:27 of 3rd period - Shot Blocked by Wojtek Wolski.
15:29 of 3rd period - Wrist shot by Jeff Skinner.
15:29 of 3rd period - Shot Blocked by Wojtek Wolski.
15:31 of 3rd period - Snap shot by Rasmus Ristolainen.
15:31 of 3rd period - Stopped by Kevin Poulin without a rebound.
15:32 of 3rd period - Sam Gagner wins face-off versus Dave Bolland in Bruins zone.
15:33 of 3rd period - Slapshot by Patrick Kaleta.
15:33 of 3rd period - Shot Misses the Net.
15:35 of 3rd period - Backhand shot by Joni Pitkanen.
15:35 of 3rd period - Stopped by Kevin Poulin with a rebound.
15:37 of 3rd period - Slapshot by Dany Heatley.
15:37 of 3rd period - Shot Blocked by Torey Krug.
15:39 of 3rd period - Snap shot by Dany Heatley.
15:39 of 3rd period - Shot Blocked by Torey Krug.
15:41 of 3rd period - Wrist shot by Sam Gagner.
15:41 of 3rd period - Stopped by Kevin Poulin without a rebound.
15:42 of 3rd period - Sam Gagner wins face-off versus Dave Bolland in Bruins zone.
15:47 of 3rd period - Slapshot by Dany Heatley.
15:47 of 3rd period - Stopped by Kevin Poulin with a rebound.
15:52 of 3rd period - Minor Penalty to T.J Galiardi for Diving.
15:53 of 3rd period - Sam Gagner wins face-off versus Wojtek Wolski in Bruins zone.
15:55 of 3rd period - Slapshot by Sam Gagner.
15:55 of 3rd period - Stopped by Kevin Poulin without a rebound.
15:56 of 3rd period - Wojtek Wolski wins face-off versus Gabriel Landeskog in Bruins zone.
16:07 of 3rd period - Wrist shot by Sam Gagner.
16:07 of 3rd period - Stopped by Kevin Poulin without a rebound.
16:08 of 3rd period - Wojtek Wolski wins face-off versus Tyler Toffoli in Bruins zone.
16:37 of 3rd period - Jason Demers is hit by Kevin Hayes and loses puck.
16:55 of 3rd period - Gabriel Landeskog is hit by Scott Hartnell and loses puck.
17:52 of 3rd period - Penalty to T.J Galiardi is over, T.J Galiardi is back on ice.
18:01 of 3rd period - Wrist shot by Victor Oreskovich.
18:01 of 3rd period - Shot Misses the Net.
18:19 of 3rd period - Slapshot by Rasmus Ristolainen.
18:19 of 3rd period - Stopped by Kevin Poulin with a rebound.
18:56 of 3rd period - Bruins, Kevin Poulin is pulled from the net.
18:58 of 3rd period - Snap shot by Jonathan Toews.
18:58 of 3rd period - Shot Misses the Net.
19:00 of 3rd period - Minor Penalty to Gilbert Brule for Goalie Interference.
19:01 of 3rd period - Mike Ribeiro wins face-off versus Gabriel Landeskog in Lightning zone.
19:34 of 3rd period - Wrist shot by Jonathan Toews.
19:34 of 3rd period - Stopped by Jaroslav Halak without a rebound.
19:35 of 3rd period - Doug Gilmour call a timeout for Bruins.
19:35 of 3rd period - Jeff Skinner wins face-off versus Jonathan Toews in Lightning zone.
Goals for this period are 1 for Bruins vs 2 for Lightning .
Shots for this period are 9 for Bruins vs 15 for Lightning .